 Dungeon Crawl Stone Soup version 0.24-a0-769-g368c1644f8 (webtiles) character file.

Game seed: 7037748143425955391, levelgen mode: deterministic

4521 Gargoyl the Schismatic (level 10, -7/81 HPs)
             Began as a Centaur Abyssal Knight on Oct 6, 2019.
             Was an Elder of Lugonu.
             Killed by the air
             ... invoked by Gastronok
              (18 damage)
             ... on level 8 of the Dungeon.
             The game lasted 00:13:24 (11828 turns).

Gargoyl the Schismatic (Centaur Abyssal Knight)    Turns: 11828, Time: 00:13:24

Health: -7/81      AC: 13    Str: 17 (20) XL:     10   Next: 17%
Magic:  15/15      EV:  8    Int: 13 (15) God:    Lugonu [****..]
Gold:   214        SH: 10    Dex: 15 (16) Spells: 9/9 levels left

rFire    . . .     SeeInvis +   a - +2 hand axe
rCold    + . .     Gourm    .   e - +0 shield
rNeg     . . .     Faith    .   u - +0 ring mail "Etaqac" {rC+ MR++ Int+4 Dex+4}
rPois    .         Spirit   .   i - +2 helmet
rElec    .         Reflect  .   d - +0 cloak
rCorr    .         Harm     .   o - +1 pair of gloves
MR       ++...                  (no barding)
Stlth    +.........             (no amulet)
HPRegen  0.23/turn              l - ring of see invisible
MPRegen  0.14/turn              (no ring)

@: mighty, flying, very quick
A: large, hooves 3, deformed body, speed 2, tough skin 3
a: Depart the Abyss, Bend Space, Banish, Corrupt, Renounce Religion


You were on level 8 of the Dungeon.
You worshipped Lugonu.
Lugonu was greatly pleased with you.
You were not hungry.

You visited 1 branch of the dungeon, and saw 8 of its levels.
You visited the Abyss 1 time.

You collected 394 gold pieces.
You spent 180 gold pieces at shops.

Inventory:

Hand Weapons
 a - a +2 hand axe (weapon)
 g - a +0 war axe
Armour
 d - a +0 cloak (worn)
 e - a +0 shield (worn)
 i - a +2 helmet (worn)
 o - a +1 pair of gloves (worn)
 u - the +0 ring mail "Etaqac" (worn) {rC+ MR++ Int+4 Dex+4}
   (You found it on level 6 of the Dungeon)

   It affects your intelligence (+4).
   It affects your dexterity (+4).
   It protects you from cold.
   It affects your resistance to hostile enchantments.
Jewellery
 k - an uncursed ring of fire
 l - a ring of see invisible (left hand)
 y - an uncursed ring of protection from magic
Wands
 f - a wand of flame (4)
 s - a wand of scattershot (3)
 t - a wand of digging (7)
 x - a wand of disintegration (6)
Scrolls
 h - 5 scrolls of identify
 j - 5 scrolls of remove curse
 n - 4 scrolls of teleportation
 C - a scroll of blinking
Potions
 b - 3 potions of curing
 m - a potion of agility
 p - a potion of magic
 r - a potion of flight
 z - a potion of ambrosia
 B - a potion of cancellation {unknown}
Comestibles
 c - 8 rations
 A - a chunk of flesh


   Skills:
 + Level 5.5 Fighting
 + Level 6.5 Axes
 * Level 6.0 Armour
 + Level 2.8 Dodging
 * Level 4.9 Shields
 * Level 6.6 Invocations


You had 9 spell levels left.
You didn't know any spells.
Your spell library contained the following spells:

 Spells                   Type           Power        Failure   Level  Hunger
 Beastly Appendage        Tmut           #.....       77%         1    ##.....
 Sting                    Conj/Pois      #...         77%         1    ##.....
 Poisonous Vapours        Pois/Air       #.....       88%         2    ###....
 Sticks to Snakes         Tmut           #.......     88%         2    ###....
 Mephitic Cloud           Conj/Pois/Air  #.......     98%         3    ####...
 Spider Form              Tmut/Pois      #.........   98%         3    ####...
 Ice Form                 Ice/Tmut       #.......     100%        4    #####..
 Olgreb's Toxic Radiance  Pois           #.......     100%        4    #####..
 Blade Hands              Tmut           #.........   100%        5    ######.
 Venom Bolt               Conj/Pois      #.........   100%        5    ######.


Dungeon Overview and Level Annotations

Branches:
Dungeon (8/15)             Temple (0/1) D:5
   Lair: D:8-11

Altars:
Cheibriados
Dithmenos
Gozag
Kikubaaqudgha
Makhleb
Nemelex Xobeh
Okawaru
Qazlal
Uskayaw
Wu Jian
Yredelemnul
The Shining One

Shops:
D:4 !((%

Annotations:
D:8 Gastronok


Innate Abilities, Weirdness & Mutations

You have hooves in place of feet.
Armour fits poorly on your strangely shaped body.
You cover ground very quickly.
You have extremely tough skin. (AC +3)


Message History

Gastronok is severely wounded.
You feel less invigorated.
You feel less confused.
You hit Gastronok. You kick Gastronok.
Gastronok is severely wounded.
You block Gastronok's attack.
You feel much better.
You hit Gastronok. You kick Gastronok!
Gastronok is almost dead.
Gastronok waves his eye-stalks in wide circles.
The air twists around and violently strikes you in flight!
* * * LOW HITPOINT WARNING * * *
Unknown command.
You feel better.
Press: ? - help, Shift-Dir - straight line, f - Gastronok
Aim: Gastronok, wearing the +3 hat of Pondering {ponderous, MR+ MP+10 Int+5} (almost dead, chance to defeat MR: 10%)
You fail to use your ability.
Gastronok waves his eye-stalks in wide circles.
The air twists around and violently strikes you in flight!
You die...

#.........# ..........
#..........! #... #..........#
#....##.#........#####.
....#..##.....$......
##..#..........<##.# .#
#........w.........##.
#.####......)@.............
#.............................
#.....................##........
................................
#..##...........>....#.##......
..#.............#......####......
#...............#...........#....
...##.......#..##...........#....
....##..........#........h###....


You could see Gastronok.

Vanquished Creatures
  Grum (D:7)
  2 orc warriors (D:7)
  3 ice beasts
  2 phantoms
  A sky beast (D:8)
  4 ogres
  4 wolves (D:7)
  6 centaurs
  A big kobold (D:4)
  4 bullfrogs
  Blork the orc (D:5)
  A scorpion (D:6)
  2 water moccasin skeletons (D:7)
  5 killer bees (D:7)
  2 howler monkeys (D:5)
  5 wights
  A bullfrog zombie (D:6)
  4 crimson imps
  4 orc priests
  2 centaur zombies (D:7)
  5 hounds
  A gnoll shaman (D:6)
  9 orc wizards
  A bullfrog skeleton (D:7)
  An iguana (D:8)
  6 worker ants
  A hound zombie (D:7)
  7 gnolls
  11 adders
  A shadow imp (D:6)
  3 adder skeletons
  4 worms
  A dart slug (D:1)
  5 leopard geckos
  17 orcs
  3 giant cockroaches
  6 hobgoblins
  5 jackals
  11 kobolds
  3 quokkas
  2 ball pythons
  11 bats
  5 frilled lizards
  5 goblins
  A leopard gecko zombie (D:6)
  10 rats
190 creatures vanquished.

Vanquished Creatures (others)
  A hippogriff (D:8)
  An orc warrior (D:7)
  A sky beast (D:5)
  A killer bee (D:7)
  4 bushes (D:4)
  5 plants (D:4)
13 creatures vanquished.

Grand Total: 203 creatures vanquished

Notes
Turn   | Place    | Note
-------+----------+-------------------------------------------
     0 | Abyss:1  | Gargoyl the Centaur Abyssal Knight began the quest for the
                  | Orb.
     0 | Abyss:1  | Reached XP level 1. HP: 19/19 MP: 2/2
    12 | Abyss:1  | Found a corrupted altar of Lugonu.
    98 | Abyss:1  | Noticed a starcursed mass
   138 | Abyss:1  | Noticed a hell hog
   140 | D:1      | Escaped the Abyss
   305 | D:1      | Reached * piety under Lugonu
   305 | D:1      | Reached XP level 2. HP: 25/26 MP: 3/3
   488 | D:1      | Found a glowing golden altar of the Shining One.
   717 | D:2      | Reached XP level 3. HP: 28/31 MP: 4/4
  1195 | D:2      | Found a hide-covered altar of Uskayaw.
  1403 | D:2      | Reached ** piety under Lugonu
  1557 | D:2      | Found an iron altar of Okawaru.
  1588 | D:3      | Reached XP level 4. HP: 32/39 MP: 6/6
  2025 | D:3      | Reached skill level 1 in Shields
  2034 | D:3      | Reached skill level 1 in Dodging
  2328 | D:3      | Reached XP level 5. HP: 40/45 MP: 7/7
  2367 | D:3      | Found a snail-covered altar of Cheibriados.
  2397 | D:3      | Found a burning altar of Makhleb.
  2464 | D:3      | Found a basalt altar of Yredelemnul.
  2895 | D:4      | Noticed an ice beast
  2935 | D:4      | Killed an ice beast
  2935 | D:4      | Reached XP level 6. HP: 5/52 MP: 8/8
  3415 | D:4      | Found Xibah's Food Boutique.
  3425 | D:4      | Reached *** piety under Lugonu
  3556 | D:4      | Found Alyram's Antique Weapon Shoppe.
  3600 | D:4      | Reached XP level 7. HP: 29/58 MP: 8/10
  3620 | D:5      | Entered Level 5 of the Dungeon
  4606 | D:4      | Found Veriov's Distillery.
  4614 | D:4      | Bought a potion of heal wounds for 50 gold pieces
  4614 | D:4      | Bought a potion of heal wounds for 50 gold pieces
  4681 | D:4      | Found Tiros's Weapon Shoppe.
  5252 | D:5      | Noticed Blork the orc
  5273 | D:5      | Killed Blork the orc
  5273 | D:5      | Reached XP level 8. HP: 47/66 MP: 11/11
  5911 | D:5      | Reached skill level 5 in Invocations
  5939 | D:5      | Found a staircase to the Ecumenical Temple.
  6042 | D:6      | Got a warped ring mail
  6053 | D:6      | Identified the +0 ring mail "Etaqac" {rC+ MR++ Int+4 Dex+4}
                  | (You found it on level 6 of the Dungeon)
  6165 | D:6      | Reached skill level 5 in Axes
  6449 | D:6      | Found an opulent altar of Gozag.
  6449 | D:6      | Found an ornate altar of the Wu Jian Council.
  6455 | D:6      | Found a stormy altar of Qazlal.
  6459 | D:6      | Found a sparkling altar of Nemelex Xobeh.
  6464 | D:6      | Found a faded altar of an unknown god.
  6750 | D:6      | Reached XP level 9. HP: 49/73 MP: 13/13
  6757 | D:6      | Reached **** piety under Lugonu
  7134 | D:6      | Reached skill level 5 in Fighting
  7544 | D:6      | Reached skill level 5 in Armour
  7598 | D:6      | Found an ancient bone altar of Kikubaaqudgha.
  7598 | D:6      | Found a shadowy altar of Dithmenos.
  8288 | D:4      | Bought a potion of heal wounds for 50 gold pieces
  8288 | D:4      | Bought a potion of curing for 30 gold pieces
 10563 | D:8      | Reached XP level 10. HP: 65/81 MP: 14/14
 10649 | D:8      | Noticed Grum
 11626 | D:7      | Killed Grum
 11799 | D:8      | Noticed Gastronok
 11826 | D:8      | HP: 1/81 [Gastronok/the air (37)]
 11828 | D:8      | Killed from afar by Gastronok

Levels and vault maps discovered:
D:1:      saegor_arrival_under_anarchy, layout_rooms, tso_metal_star
D:2:      layout_basic, old_standard_altar, kennysheep_okawaru_gauntlet
D:3:      minmay_recursive_quarters, layout_basic, cheibriados_altar_1,
          old_standard_altar, lemuel_doored_altar
D:4:      layout_loops_ring, serial_shops, kennysheep_mini_moat,
          nicolae_shop_waterfront, nicolae_shop_behind_doors,
          nicolae_shop_crystal, amethyst_killhole, lexackson_kobold_supper
D:5:      layout_loops_ring, minmay_temple_entry_poolview, first_ration,
          uniq_blork_the_orc
D:6:      layout_loops_ring, chequers_temple_overflow_minitemple,
          amethyst_overflow_temple_binary
D:7:      layout_basic, lightli_minifort
D:8:      layout_cave_pools, uniq_grum, uniq_gastronok

Skill      XL: |  1  2  3  4  5  6  7  8  9 10 |
---------------+-------------------------------+-----
Axes           | 2 3 4 5 6 |  6.5
Armour         | 2 3 4 5 6 |  6.0
Shields        | 1 2 3 4 |  4.9
Invocations    | 3 4 5 6 |  6.6
Dodging        | 1 2 |  2.8
Fighting       | 4 5 |  5.5

Action                   |  1- 3 |  4- 6 |  7- 9 | 10-12 || total
-------------------------+-------+-------+-------+-------++-------
Melee: Hand axe          |   121 |   172 |   597 |    84 ||   974
       Kick              |    12 |    35 |   185 |    31 ||   263
Invok: Depart the Abyss  |     1 |       |       |       ||     1
       Banish            |       |       |     3 |       ||     3
       Bend Space        |       |       |     1 |       ||     1
Evoke: Wand              |       |       |     2 |       ||     2
  Use: Scroll            |     4 |     4 |     7 |       ||    15
       Potion            |     1 |     1 |     2 |    10 ||    14
  Eat: Chunk             |     1 |     6 |    12 |     3 ||    22
       Ration            |       |       |     3 |       ||     3
Armor: Ring mail         |    77 |   114 |   244 |    57 ||   492
       Plate armour      |       |       |    83 |       ||    83
Dodge: Dodged            |    38 |    54 |   147 |    44 ||   283
Block: Shield            |    41 |    86 |   287 |    65 ||   479

Table legend:
 A = Non-vault XP
 B = Vault XP
 C = Vault XP percentage of total XP
 D = Non-vault monster count
 E = Vault monster count
 F = Vault count percentage of total count
                 A         B        C        D         E       F
            +---------+---------+-------+---------+---------+-------
      Total |    5362 |    1097 |  17.0 |     166 |      28 |  14.4
            +---------+---------+-------+---------+---------+-------
        D:1 |      32 |       0 |   0.0 |      20 |       0 |   0.0
        D:2 |      57 |       0 |   0.0 |      14 |       0 |   0.0
        D:3 |     186 |      77 |  29.3 |      25 |      11 |  30.6
        D:4 |     629 |     109 |  14.8 |      18 |       8 |  30.8
        D:5 |     810 |      96 |  10.6 |      13 |       1 |   7.1
        D:6 |    1373 |       0 |   0.0 |      31 |       0 |   0.0
        D:7 |    1644 |     815 |  33.1 |      34 |       8 |  19.0
        D:8 |     631 |       0 |   0.0 |      11 |       0 |   0.0
            +---------+---------+-------+---------+---------+-------
